 Dungeon Crawl Stone Soup version 0.30-a0-534-gdc55766716 (webtiles) character file.

Game seed: 7268628174089402731

6332 Jackthecabe the Ducker (level 10, -9/81 HPs)
             Began as a Demigod Conjurer on Dec 24, 2022.
             Mangled by a vampire
             ... wielding a +0 hand axe
              (15 damage)
             ... on level 10 of the Dungeon.
             The game lasted 00:24:18 (12452 turns).

Jackthecabe the Ducker (Demigod Conjurer)          Turns: 12452, Time: 00:24:19

Health: -9/81      AC:  5    Str:  8    XL:     10   Next: 38%
Magic:  6/17       EV: 16    Int: 32    God:
Gold:   471        SH:  8    Dex: 18    Spells: 4/15 levels left

rFire   + . .      SeeInvis .    G - +0 dagger (venom)
rCold   . . .      Faith    .    l - +2 buckler
rNeg    . . .      Spirit   .    a - +0 robe
rPois   .          Reflect  .    r - +0 helmet
rElec   .          Harm     .    L - scarf {repulsion}
rCorr   .          Rampage  .    f - +0 pair of gloves
Will    +....                    y - +0 pair of boots
Stlth   ++                       (no amulet)
HPRegen 0.33/turn                D - +6 ring of dexterity
MPRegen 0.15/turn                F - ring of protection from fire

@: very slightly contaminated, repel missiles
A: high MP 1, forlorn, divine attributes
a: no special abilities


You were on level 10 of the Dungeon.
You visited 1 branch of the dungeon, and saw 10 of its levels.
You also visited: Ossuary.

You collected 471 gold pieces.


Innate Abilities, Weirdness & Mutations

You have an increased reservoir of magic. (+10% MP)
You shall have no god before yourself.
Your divine heritage dramatically boosts your attributes as you level up.


   Skills:
 - Level 5.0 Fighting
 + Level 7.5 Dodging
 - Level 1.7 Stealth
 - Level 5.0 Shields
 - Level 3.0 Spellcasting
 - Level 6.0 Conjurations
 - Level 6.0 Hexes
 - Level 6.0 Translocations
 - Level 3.0 Evocations


You had 4 spell levels left.
You knew the following spells:

 Your Spells              Type           Power      Damage    Failure   Level
f - Fulminant Prism       Conj/Hex       21%        3d12      7%          4
m - Magic Dart            Conj           100%       1d8       1%          1
s - Searing Ray           Conj           86%        2d7       1%          2
X - Iskenderun's Mystic   Conj/Tloc      43%        2d10      7%          4

Your spell library contained the following spells:

 Spells                   Type           Power      Damage    Failure   Level
 Dazzling Flash           Conj/Hex       86%        N/A       1%          3
 Shock                    Conj/Air       96%        1d9       2%          1
 Hailstorm                Conj/Ice       24%        3d7       7%          3
 Freeze                   Ice            16%        1d4       8%          1
 Necrotise                Necr           16%        1d4       8%          1
 Kindle Blastsparks       Fire/Tloc/Air  34%        2d12      11%         3
 Frozen Ramparts          Ice            8%         1d2       24%         3
 Swiftness                Air            4%         N/A       24%         3
 Airstrike                Air            2%         2d(1-17)  61%         4
 Agony                    Necr           4%         N/A       91%         5
 Lee's Rapid Deconstruct  Erth           2%         3d4*      91%         5
 Iron Shot                Conj/Erth      12%        9d3       98%         6
 Simulacrum               Ice/Necr       2%         N/A       100%        6
 Statue Form              Tmut/Erth      2%         N/A       100%        6
 Borgnjor's Revivificati  Necr           2%         N/A       100%        8
 Necromutation            Tmut/Necr      2%         N/A       100%        8
 Death's Door             Necr           2%         N/A       100%        9

Inventory:

Hand Weapons
 G - a +0 dagger of venom (weapon)
Armour
 a - a +0 robe (worn)
 f - a +0 pair of gloves (worn)
 l - a +2 buckler (worn)
 r - a +0 helmet (worn)
 y - a +0 pair of boots (worn)
 L - a scarf of repulsion (worn)
Jewellery
 D - a +6 ring of dexterity (left hand)
 F - a ring of protection from fire (right hand)
Wands
 c - a wand of light (5)
 g - a wand of flame (2)
 k - a wand of polymorph (19)
 p - a wand of paralysis (11)
 t - a wand of iceblast (9)
 K - a wand of mindburst (2)
Scrolls
 e - 3 scrolls of enchant armour
 n - 2 scrolls of teleportation {@r2}
 s - a scroll of fog
 w - a scroll of enchant weapon {unknown}
 x - 2 scrolls of torment
 z - a scroll of vulnerability {unknown}
 A - a scroll of magic mapping
 B - 3 scrolls of amnesia
 H - a scroll of immolation
 I - a scroll of summoning
Potions
 b - 3 potions of magic
 d - 2 potions of brilliance
 h - 10 potions of curing {@q1}
 i - 3 potions of might
 j - 2 potions of haste {@q3}
 m - a potion of berserk rage {unknown}
 o - 3 potions of degeneration
 q - a potion of attraction {unknown}
 u - a potion of mutation {unknown}
 v - 2 potions of cancellation {unknown}
 C - 2 potions of lignification {unknown}
 E - a potion of flight {unknown}
 J - a potion of ambrosia

Dungeon Overview and Level Annotations

Branches:
Dungeon (10/15)            Temple (0/1) D:4            Lair (0/5) D:10
Ossuary (visited)
    Orc: D:9-12

Shops:
D:7 *

Annotations:
D:2 1 runed translucent door, Crazy Yiuf
D:10 Fannar

#.#.#.#...#####.#
#.....###.# .#
######.#.#.# #..e.. .#
...........# ####.. ..
.#.........# ####.##.#
....e.)....# #.......# #
##.......### #.##.#.e. ..
........{#####.##.#.# .#
.#.......@........#.##..##
.........####.......<.....
#####.##.# ##..##.#.######
#. #............# #.
...░░░░....#.# .. ...░
░░░....# . ....░ ░░░...
....░ ░░░.. ░░.


You could see Fannar.


Message History

* * * LOW HITPOINT WARNING * * *
Something draws strength from your injuries!
You feel less confused. Something hits you!
* * * LOW HITPOINT WARNING * * *
Something bites you but does no damage.
Casting: Iskenderun's Mystic Blast (dangerous; 7% risk of failure)
Confirm with . or Enter, or press ? or * to list all spells.
You can't see any susceptible monsters within range! (Use Z to cast anyway.)
Casting: Iskenderun's Mystic Blast (dangerous; 7% risk of failure)
Confirm with . or Enter, or press ? or * to list all spells.
You miscast Iskenderun's Mystic Blast.
You are very lightly contaminated with residual magic.
Nothing appears to happen.
Something hits you.
* * * LOW HITPOINT WARNING * * *
Something bites you but does no damage. Something hits you.
* * * LOW HITPOINT WARNING * * *
Something bites you but does no damage.
Okay, then.
Okay, then.
Okay, then.
Casting: Iskenderun's Mystic Blast (dangerous; 7% risk of failure)
Confirm with . or Enter, or press ? or * to list all spells.
You erupt in a blast of force!
The mystic blast hits Fannar!
Fannar is lightly wounded.
Fannar is knocked back by the mystic blast.
The mystic blast hits something but does no damage.
Something hits you!
You die...

Skill      XL: |  1  2  3  4  5  6  7  8  9 10 |
---------------+-------------------------------+-----
Spellcasting   | 2 3 |  3.0
Conjurations   | 4 5 6 |  6.0
Hexes          | 2 4 6 |  6.0
Translocations | 5 6 |  6.0
Evocations     | 2 3 |  3.0
Fighting       | 3 5 |  5.0
Shields        | 5 |  5.0
Dodging        | 4 7 |  7.5
Stealth        | |  1.7

Action                   |  1- 3 |  4- 6 |  7- 9 | 10-12 || total
-------------------------+-------+-------+-------+-------++-------
Melee: Unarmed           |       |     7 |     6 |       ||    13
       Punch             |       |     1 |       |       ||     1
       Dagger            |       |       |     9 |     6 ||    15
 Cast: Magic Dart        |    42 |    92 |   193 |    23 ||   350
       Searing Ray       |     5 |    15 |    18 |     5 ||    43
       Fulminant Prism   |       |     5 |    57 |    14 ||    76
       Iskenderun's Myst |       |       |     3 |     4 ||     7
Evoke: Wand              |       |       |     5 |     2 ||     7
  Use: Scroll            |       |       |       |    14 ||    14
Armor: Robe              |     1 |     1 |    17 |     8 ||    27
Dodge: Dodged            |     2 |    24 |    67 |    13 ||   106
       Repelled          |       |       |       |     2 ||     2
Block: Buckler           |       |       |     1 |    14 ||    15

Levels and vault maps discovered:
D:1:      minmay_arrival_semitransparent, layout_basic, grunt_decor_junction,
          grunt_decor_fettered, minmay_tetromino_o4
D:2:      layout_loops_ring, kennysheep_boxes, uniq_natasha,
          uniq_crazy_yiuf_cottage, uniq_jessica
D:3:      layout_loops_ring
D:4:      kennysheep_six_static_rooms, layout_gridville,
          minmay_temple_entry_waves, sigmund_edmund_badplayer
D:5:      layout_cave_pools, st_stairs_2, minmay_crystal_room, uniq_pikel,
          uniq_duvessa, uniq_blork_the_orc
D:6:      layout_cave_pods, mainiacjoe_overflow_large_starburst,
          minmay_misc_feat_rows, uniq_prince_ribbit1, uniq_menkaure,
          uniq_grinder
D:7:      layout_rooms, nicolae_shop_clearance
D:8:      layout_basic, nicolae_ossuary_entry_monument
D:9:      layout_gridville
D:10:     minmay_the_grid_triangle_9x9_rhombus_thin_mashed
          [minmay_the_grid_triangle_9x9_shrine,
          minmay_the_grid_triangle_9x9_prize_special,
          minmay_the_grid_triangle_9x9_zippers_horizontal,
          minmay_the_grid_triangle_9x9_dagger], layout_loops_cross,
          nicolae_kikubaaqudgha_miasma_corner, orc_0_dummy, serial_glass,
          glass_columns_c, glass_columns_a, minmay_strange_pillars,
          item_on_display_a, due_unseen_surprise, minivault_28, uniq_fannar

Notes
Turn   | Place    | Note
-------+----------+-------------------------------------------
     0 | D:1      | Jackthecabe the Demigod Conjurer began the quest for the
                  | Orb.
     0 | D:1      | Reached XP level 1. HP: 14/14 MP: 5/5
   238 | D:1      | Reached skill level 2 in Spellcasting
   438 | D:1      | Reached XP level 2. HP: 20/20 MP: 0/7
   507 | D:1      | Learned a level 2 spell: Searing Ray
   682 | D:1      | You fall into a shaft and drop 1 floor!
   717 | D:2      | Reached skill level 4 in Conjurations
  1253 | D:2      | Reached XP level 3. HP: 24/26 MP: 2/9
  1325 | D:2      | Noticed Natasha
  1339 | D:2      | Killed Natasha
  1470 | D:2      | Noticed Jessica
  1472 | D:2      | Killed Jessica
  1473 | D:2      | Reached skill level 3 in Spellcasting
  1473 | D:2      | Reached XP level 4. HP: 33/33 MP: 7/11
  1609 | D:2      | Found a runed translucent door.
  1610 | D:2      | Noticed Crazy Yiuf
  1656 | D:2      | Noticed Natasha
  1659 | D:2      | Killed Natasha
  1739 | D:2      | Noticed Natasha
  1748 | D:2      | Killed Natasha
  1749 | D:2      | Reached skill level 5 in Conjurations
  2299 | D:3      | Reached XP level 5. HP: 38/38 MP: 0/12
  2309 | D:2      | Learned a level 4 spell: Fulminant Prism
  2881 | D:3      | Reached skill level 1 in Hexes
  3517 | D:4      | Found a staircase to the Ecumenical Temple.
  3773 | D:4      | Reached skill level 2 in Hexes
  3778 | D:4      | Reached XP level 6. HP: 45/45 MP: 6/13
  3788 | D:3      | Reached skill level 6 in Conjurations
  4098 | D:4      | Reached skill level 3 in Hexes
  4627 | D:4      | Noticed Sigmund
  4632 | D:4      | Noticed Edmund
  4647 | D:4      | Killed Sigmund
  4648 | D:4      | Reached skill level 4 in Hexes
  4648 | D:4      | Reached XP level 7. HP: 18/50 MP: 1/14
  4656 | D:4      | Killed Edmund
  4657 | D:4      | Reached skill level 5 in Hexes
  4852 | D:5      | Entered Level 5 of the Dungeon
  4855 | D:5      | Noticed Dowan
  5091 | D:5      | Noticed Pikel
  5168 | D:5      | Noticed Blork the orc
  5388 | D:5      | Reached skill level 6 in Hexes
  5393 | D:4      | Killed Blork the orc
  5394 | D:4      | Reached skill level 1 in Translocations
  5497 | D:4      | Killed Pikel
  5498 | D:4      | Reached skill level 5 in Translocations
  5498 | D:4      | Reached XP level 8. HP: 28/57 MP: 3/15
  5504 | D:4      | Learned a level 4 spell: Iskenderun's Mystic Blast
  5615 | D:5      | Noticed Duvessa
  5847 | D:5      | Killed Duvessa
  5854 | D:5      | Killed Dowan
  5855 | D:5      | Reached skill level 6 in Translocations
  5856 | D:5      | Reached skill level 1 in Evocations
  6007 | D:5      | Reached skill level 2 in Evocations
  6238 | D:5      | Reached skill level 1 in Fighting
  6743 | D:6      | Reached skill level 2 in Fighting
  7013 | D:6      | Noticed Grinder
  7026 | D:6      | Reached skill level 3 in Fighting
  7447 | D:6      | Reached XP level 9. HP: 71/71 MP: 9/16
  7454 | D:6      | Reached skill level 4 in Fighting
  7583 | D:6      | Reached skill level 1 in Shields
  7658 | D:6      | Noticed Menkaure
  7661 | D:6      | Killed Menkaure
  7662 | D:6      | Reached skill level 2 in Shields
  7738 | D:6      | Noticed Prince Ribbit
  7747 | D:6      | Killed Prince Ribbit
  7748 | D:6      | Reached skill level 3 in Shields
  8194 | D:6      | Reached skill level 4 in Shields
  8270 | D:6      | Killed Grinder
  8612 | D:7      | Reached skill level 5 in Shields
  8802 | D:7      | Reached skill level 3 in Evocations
  9147 | D:7      | Found Kauhenne's CLEARANCE SALE!.
  9321 | D:8      | Reached skill level 5 in Fighting
  9341 | D:8      | Reached skill level 2 in Dodging
  9349 | D:8      | Found a sand-covered staircase.
  9428 | Ossuary  | Entered an ossuary
 10022 | D:8      | Noticed a two-headed ogre
 10028 | D:8      | Reached skill level 3 in Dodging
 10193 | D:8      | Killed a two-headed ogre
 10194 | D:8      | Reached skill level 4 in Dodging
 10375 | D:8      | Reached XP level 10. HP: 81/81 MP: 9/17
 10607 | D:8      | Identified a scroll of acquirement
 10641 | D:9      | Acquired Jackthecabe's Book of Grisly Geology
 10663 | D:9      | Reached skill level 5 in Dodging
 11653 | D:10     | Entered Level 10 of the Dungeon
 11659 | D:10     | Noticed Fannar
 11660 | D:10     | Reached skill level 6 in Dodging
 11804 | D:10     | Noticed a green ugly thing
 11898 | D:10     | Killed a green ugly thing
 11899 | D:10     | Reached skill level 7 in Dodging
 11900 | D:10     | Noticed a tengu warrior
 12136 | D:10     | Found a staircase to the Lair.
 12158 | D:10     | Noticed a skeletal warrior
 12451 | D:10     | HP: 6/81 [something (6)]
 12452 | D:10     | Mangled by a vampire

Vanquished Creatures
  A two-headed ogre (D:8)
  Pikel (D:4)
  An ugly thing (D:10)
  A gargoyle (D:10)
  Prince Ribbit (D:6)
  Grinder (D:6)
  Sigmund (D:4)
  3 yaks (D:10)
  Edmund (D:4)
  Menkaure (D:6)
  A water moccasin (D:6)
  An acid dragon (D:9)
  2 black bears
  2 ice beasts (D:8)
  Duvessa (D:5)
  2 orc warriors
  A centaur (D:9)
  An ogre (D:6)
  A centaur (shapeshifter) (D:10)
  3 phantoms
  4 lemures (D:4)
  2 kobold brigands
  Blork the orc (D:4)
  2 bullfrogs
  A necrophage (D:5)
  2 scorpions
  Dowan (D:5)
  11 killer bees
  2 hounds (D:6)
  A jelly (D:6)
  6 orc priests
  Jessica (D:2)
  6 iguanas
  6 orc wizards
  Natasha (thrice) (D:2)
  3 mummies (Ossuary)
  14 adders
  3 gnolls (D:5)
  2 shadow imps
  2 white imps (D:6)
  2 ufetubi
  4 adder zombies (Ossuary)
  3 dart slugs
  36 orcs
  6 endoplasms
  5 giant cockroaches
  A gnoll zombie (Ossuary)
  5 goblins
  7 hobgoblins
  2 jackals (D:1)
  9 kobolds
  5 quokkas
  5 ball pythons
  5 bats
  3 frilled lizards
  A goblin zombie (Ossuary)
  4 hobgoblin zombies (Ossuary)
  2 kobold zombies (Ossuary)
  2 quokka zombies (Ossuary)
  A rat (D:3)
  4 rat zombies (Ossuary)
212 creatures vanquished.

Vanquished Creatures (others)
  76 fulminant prisms
  60 plants
136 creatures vanquished.

Grand Total: 348 creatures vanquished

Table legend: (Time is in decaauts)
 A = Elapsed time spent in this place.
 B = Non-inter-level travel time spent in this place.
 C = Inter-level travel time spent in this place.
 D = Time resting spent in this place.
 E = Time spent auto-exploring this place.
 F = Levels seen in this place.
 G = Mean time per level.
                   A        B        C        D        E       F      G
               +--------+--------+--------+--------+--------+-----+--------+
         Total |  12466 |  11880 |    586 |   2500 |   7753 |  11 | 1133.3 |
       Dungeon |  11947 |  11361 |    586 |   2374 |   7419 |  10 | 1194.7 |
       Ossuary |    518 |    518 |      0 |    126 |    334 |   1 |  518.0 |
               +--------+--------+--------+--------+--------+-----+--------+

Top non-repeatable levels by time:
     D:4: 2165 daAuts
     D:6: 1774 daAuts
     D:9: 1653 daAuts
     D:3: 1305 daAuts
     D:2: 1186 daAuts
     D:1: 1101 daAuts
     D:5: 1072 daAuts
     D:8: 847 daAuts
     D:7: 681 daAuts
 Ossuary: 518 daAuts
    D:10: 160 daAuts

Table legend:
 A = Non-vault XP
 B = Vault XP
 C = Vault XP percentage of total XP
 D = Non-vault monster count
 E = Vault monster count
 F = Vault count percentage of total count
                 A         B        C        D         E       F
            +---------+---------+-------+---------+---------+-------
      Total |    5970 |    3076 |  34.0 |     164 |      44 |  21.2
            +---------+---------+-------+---------+---------+-------
        D:1 |      25 |       3 |  10.7 |      15 |       2 |  11.8
        D:2 |     117 |      70 |  37.4 |      13 |       2 |  13.3
        D:3 |     204 |       0 |   0.0 |      21 |       0 |   0.0
        D:4 |     242 |    1245 |  83.7 |      20 |      10 |  33.3
        D:5 |     596 |     243 |  29.0 |      26 |       4 |  13.3
        D:6 |    1006 |     729 |  42.0 |      27 |       3 |  10.0
        D:7 |     350 |       0 |   0.0 |       7 |       0 |   0.0
        D:8 |    1684 |       0 |   0.0 |      16 |       0 |   0.0
        D:9 |     756 |       0 |   0.0 |      15 |       0 |   0.0
       D:10 |     990 |     693 |  41.2 |       4 |       2 |  33.3
    Ossuary |       0 |      93 | 100.0 |       0 |      21 | 100.0
            +---------+---------+-------+---------+---------+-------
